[Event "fics rated crazyhouse match"]
[Site "fics, Oklahoma City, OK USA"]
[Date "2000.01.13"]
[White "BiteMyBishops"]
[WhiteElo "2242"]
[Black "LSS"]
[BlackElo "2408"]
[TimeControl "180+0"]
[Result "0-1"]

1. e4 e6 2. d4 d5 3. e5 Ne7 4. Nh3 Nbc6 5. Nf4 Ng6 6. Nh5 
Ngxe5 7. dxe5 Nxe5 8. Bf4 Ng6 9. Bg3 P@e5 10. Bb5+ Bd7 11. Bxd7+ Qxd7 
12. N@g4 P@f4 13. Ngf6+ gxf6 14. Nxf6+ Ke7 15. Nxd7 Kxd7 16. Bh4 Nxh4 17. c4 
Nxg2+ 18. Kd2 N@e4+ 19. Kc2 N@b4+ 20. Kb3 B@c2+ 21. Qxc2 Nxc2 22. Kxc2 P@d3+ 
23. Kxd3 dxc4+ 24. Kc2 Q@d3+ 25. Kc1 P@d2+ 26. Nxd2 Qxd2+ 27. Kb1 B@c2# 
{BiteMyBishops checkmated} 0-1

[Event "fics rated crazyhouse match"]
[Site "fics, Oklahoma City, OK USA"]
[Date "2000.01.13"]
[White "Britt"]
[WhiteElo "2226"]
[Black "LSS"]
[BlackElo "2417"]
[TimeControl "180+0"]
[Result "1-0"]

1. e4 e6 2. d4 d5 3. exd5 exd5 4. Nf3 Nf6 5. Nc3 Bb4 6. Bb5+ 
Bd7 7. Qe2+ P@e4 8. Bxd7+ Nbxd7 9. Bg5 h6 10. Bxf6 Qxf6 11. N@f5 Qxf5 
12. P@g4 Qxg4 13. B@h3 Qxh3 14. gxh3 O-O 15. Rg1 B@g6 16. Nh4 B@h5 17. Qxh5 
Bxc3+ 18. bxc3 P@d2+ 19. Kxd2 N@c4+ 20. Ke1 B@d2+ 21. Kf1 Bxc3 22. Qxg6 fxg6 
23. B@e6+ Kh7 24. Rxg6 Q@h1+ 25. B@g1 Ne3+ 26. Ke2 N@f4+ 27. Kxe3 Nxg6 28. B@f5 
Rxf5 29. Bxf5 B@f4+ 30. Ke2 R@d2+ 31. Kf1 P@e2+ 32. Ke1 Rxc2+ 33. P@d2 Bfxd2+ 
34. Kxe2 P@f3+ 35. Kd1 Qxg1+ 36. Kxc2 B@d3+ 37. Kb3 Bc4+ 38. Ka3 Bb4+ 39. Ka4 
{LSS forfeits on time} 1-0

[Event "fics rated crazyhouse match"]
[Site "fics, Oklahoma City, OK USA"]
[Date "2000.01.13"]
[White "LSS"]
[WhiteElo "2405"]
[Black "Britt"]
[BlackElo "2242"]
[TimeControl "180+0"]
[Result "0-1"]

1. e4 e6 2. d4 d5 3. exd5 Nf6 4. dxe6 Bxe6 5. Nf3 Nc6 6. Bb5 
Bb4+ 7. c3 Be7 8. P@a6 Bd5 9. axb7 Rb8 10. O-O Rxb7 11. Bxc6+ Bxc6 
12. N@e5 Bxf3 13. Qxf3 B@e4 14. B@c6+ Bxc6 15. Qxc6+ P@d7 16. Qxb7 B@a8 17. Qb5 
Bxg2 18. Kxg2 N@h4+ 19. Kg1 P@g2 20. Re1 P@d6 21. Nd3 O-O 22. R@g3 Nh5 
23. Rxg2 Nxg2 24. Qxh5 Nxe1 25. Nxe1 R@g6+ 26. P@g3 R@e6 27. B@e3 Bg5 28. P@f5 
Bxe3 29. Bxe3 Rxe3 30. fxe3 B@g4 31. fxg6 Bxh5 32. gxh7+ Kxh7 33. B@e4+ g6 
34. B@f4 P@f2+ 35. Kg2 Q@g1+ 36. Kh3 B@g4# 
{LSS checkmated} 0-1

[Event "fics rated crazyhouse match"]
[Site "fics, Oklahoma City, OK USA"]
[Date "2000.01.13"]
[White "Britt"]
[WhiteElo "2257"]
[Black "LSS"]
[BlackElo "2394"]
[TimeControl "180+0"]
[Result "0-1"]

1. e4 e6 2. d4 Nc6 3. Nc3 Nf6 4. Nf3 Bb4 5. Bd3 d5 6. e5 
Ne4 7. Bd2 Bxc3 8. bxc3 Nxd2 9. Qxd2 N@e4 10. Bxe4 dxe4 11. Ng5 B@h6 
12. B@f4 B@h4 13. N@h3 B4xg5 14. Nxg5 N@c4 15. Nxe4 Nxd2 16. N@f6+ gxf6 17. Nxf6+ 
Qxf6 18. exf6 Bxf4 19. B@h5 B@g6 20. P@g7 Rg8 21. Q@f8+ Rxf8 22. gxf8=Q+ Kxf8 
23. P@g7+ Ke8 24. g8=Q+ Kd7 25. R@e2 Bxh5 
{Britt forfeits on time} 0-1

[Event "fics rated crazyhouse match"]
[Site "fics, Oklahoma City, OK USA"]
[Date "2000.01.13"]
[White "BLUNDERMONSTER"]
[WhiteElo "2158"]
[Black "stinker"]
[BlackElo "2261"]
[TimeControl "180+0"]
[Result "0-1"]

1. e4 Nf6 2. e5 Ne4 3. Nc3 Nxf2 4. Kxf2 Nc6 5. d4 d6 6. exd6 
Qxd6 7. d5 Ne5 8. Be2 e6 9. N@e4 Qd8 10. P@f4 Ng6 11. Nf3 exd5 
12. Nxd5 Be6 13. c4 P@c6 14. Ne3 P@g4 15. Nfg5 P@d4 16. Nxe6 fxe6 17. Nxg4 
Bd6 18. P@e5 Be7 19. P@f6 N@f5 20. fxg7 Nxg7 21. P@f6 Nf5 22. fxe7 Qxe7 
23. B@g5 P@e3+ 24. Kf1 O-O-O 25. Bxe7 Ngxe7 26. B@f6 Rhg8 27. Bxe7 Nxe7 28. N@f6 
Rg6 29. Nxe3 P@h3 30. Q@a8+ B@b8 31. P@d7+ Rxd7 32. Nxd7 hxg2+ 33. Nxg2 Kxd7 
34. Nc5+ Ke8 35. Qxb8+ B@c8 36. P@d7+ Kf7 37. dxc8=Q Nxc8 38. Qxc8 N@e7 39. R@f8+ 
Kg7 40. B@f6+ Rxf6 41. exf6+ Kg6 
{BLUNDERMONSTER forfeits on time} 0-1

[Event "fics rated crazyhouse match"]
[Site "fics, Oklahoma City, OK USA"]
[Date "2000.01.13"]
[White "stinker"]
[WhiteElo "2261"]
[Black "BLUNDERMONSTER"]
[BlackElo "2156"]
[TimeControl "180+0"]
[Result "0-1"]

1. e4 e6 2. d4 Nc6 3. d5 exd5 4. exd5 Qe7+ 5. Be2 Nd8 6. Nc3 
Nf6 7. P@g5 Ne4 8. Nxe4 Qxe4 9. Nf3 Bb4+ 10. Bd2 Bxd2+ 11. Qxd2 B@f4 
12. B@e3 Bxe3 13. fxe3 P@f2+ 14. Kd1 B@b6 15. B@d4 Bxd4 16. Nxd4 B@e5 17. B@f3 
Qg6 18. N@f5 d6 19. Nxg7+ Bxg7 20. P@f6 Bf8 21. Bg4 Qxg5 22. Bxc8 Rxc8 
23. B@h3 P@e6 24. dxe6 fxe6 25. P@d7+ Kxd7 26. Bxe6+ Nxe6 27. Nxe6 Kxe6 28. Bc4+ 
Kd7 29. P@e6+ Ke8 30. f7+ Kd8 31. e7+ Kxe7 32. N@d5+ Kd8 33. Qxf2 N@e4 
34. Qe2 N@f2+ 35. Qxf2 Nxf2+ 36. Ke2 Qxg2 37. N@e6+ Kd7 38. Nxf8+ Rcxf8 39. P@e6+ 
Kc8 40. Ne7+ Kb8 41. B@f3 Qxf3+ 42. Kxf3 B@g4+ 43. Kxf2 Q@f3+ 44. Ke1 Qxh1+ 
45. Kd2 N@e4+ 46. Kd3 N@c5# 
{stinker forfeits on time} 0-1

[Event "fics rated crazyhouse match"]
[Site "fics, Oklahoma City, OK USA"]
[Date "2000.01.13"]
[White "BLUNDERMONSTER"]
[WhiteElo "2175"]
[Black "stinker"]
[BlackElo "2251"]
[TimeControl "180+0"]
[Result "1-0"]

1. e4 d5 2. exd5 e6 3. dxe6 Bxe6 4. Nf3 Nc6 5. Nc3 Bc5 6. Bb5 
Bxf2+ 7. Kxf2 P@d4 8. Ne2 P@c5 9. Rf1 Nf6 10. Kg1 a6 11. Bxc6+ bxc6 
12. B@b7 B@d5 13. Bxa8 Qxa8 14. Nf4 B@e4 15. Nxe6 Bxe6 16. Ng5 B4d5 17. Nxe6 
Bxe6 18. B@e5 N@d7 19. Bxc7 O-O 20. P@g5 Ne4 21. P@h6 gxh6 22. gxh6 f5 
23. P@g7 N@g6 24. gxf8=Q+ Qxf8 25. P@g7 Qe7 26. B@d8 Qe8 27. d3 P@f2+ 28. Kh1 
P@h3 29. dxe4 hxg2+ 30. Kxg2 fxe4 31. Rxf2 P@f3+ 32. Kg1 P@e2 33. Qe1 Bh3 
34. N@g5 Qe5 35. P@f7# 
{stinker checkmated} 1-0

[Event "fics rated crazyhouse match"]
[Site "fics, Oklahoma City, OK USA"]
[Date "2000.01.13"]
[White "stinker"]
[WhiteElo "2241"]
[Black "BLUNDERMONSTER"]
[BlackElo "2193"]
[TimeControl "180+0"]
[Result "1-0"]

1. e4 e6 2. d4 d5 3. e5 Ne7 4. Bg5 h6 5. Bh4 Qd7 6. Nc3 
Nf5 7. Nf3 Bb4 8. Bd3 Bxc3+ 9. bxc3 Nxh4 10. Nxh4 B@g5 11. B@g3 Bxh4 
12. Bxh4 Nc6 13. N@h5 Kf8 14. Nxg7 Kxg7 15. Bf6+ Kg8 16. Bxh8 Kxh8 17. P@g7+ 
Kxg7 18. B@f6+ Kf8 19. R@h8+ B@g8 20. Bh7 N@e7 21. Bxg8 Nxg8 22. B@h7 N@e7 
23. Bxg8 Nxg8 24. N@h7+ Ke8 25. Rxg8+ B@f8 26. Rxf8# 
{BLUNDERMONSTER checkmated} 1-0

[Event "fics rated crazyhouse match"]
[Site "fics, Oklahoma City, OK USA"]
[Date "2000.01.13"]
[White "BLUNDERMONSTER"]
[WhiteElo "2181"]
[Black "stinker"]
[BlackElo "2248"]
[TimeControl "180+0"]
[Result "0-1"]

1. e4 Nf6 2. e5 Ne4 3. f3 Nc5 4. d4 Ne6 5. d5 Nc5 6. b4 
e6 7. dxe6 Nxe6 8. a3 d5 9. Nc3 Nc6 10. Bb5 Bd7 11. Qxd5 Nxb4 
12. Bxd7+ Qxd7 13. Qxd7+ Kxd7 14. axb4 Bxb4 15. Q@b5+ Q@c6 16. Qxb4 B@c5 17. P@d5 
P@f2+ 18. Ke2 Bxb4 19. dxc6+ bxc6 20. Q@d3+ P@d4 21. P@f5 Q@e1# 
{BLUNDERMONSTER checkmated} 0-1

[Event "fics rated crazyhouse match"]
[Site "fics, Oklahoma City, OK USA"]
[Date "2000.01.13"]
[White "stinker"]
[WhiteElo "2255"]
[Black "BLUNDERMONSTER"]
[BlackElo "2170"]
[TimeControl "180+0"]
[Result "0-1"]

1. e4 e6 2. d4 Nc6 3. Nf3 Nf6 4. Bd3 d5 5. exd5 exd5 6. Bb5 
Bb4+ 7. Nc3 Qe7+ 8. P@e5 Ne4 9. O-O Bxc3 10. bxc3 Nxc3 11. Qd3 Nxb5 
12. Qxb5 B@c4 13. Qxc4 dxc4 14. N@d5 Qd7 15. Nxc7+ Qxc7 16. B@d6 Qd7 17. d5 
P@h3 18. gxh3 N@e2+ 19. Kh1 P@g2+ 20. Kxg2 Qxh3+ 21. Kh1 P@g2# 
{stinker checkmated} 0-1

[Event "fics rated crazyhouse match"]
[Site "fics, Oklahoma City, OK USA"]
[Date "2000.01.14"]
[White "RMG"]
[WhiteElo "2300"]
[Black "stinker"]
[BlackElo "2236"]
[TimeControl "120+0"]
[Result "1-0"]

1. d4 Nf6 2. Nf3 Nc6 3. Bf4 d6 4. e3 Bg4 5. Be2 e6 6. h3 
Bh5 7. Nbd2 Be7 8. O-O O-O 9. a3 Bg6 10. c4 Ne4 11. Nxe4 Bxe4 
12. Rc1 d5 13. cxd5 exd5 14. P@h6 Bf6 15. hxg7 Bxg7 16. P@h6 N@f5 17. hxg7 
Nxg7 18. Bxc7 Qxc7 19. N@f6+ Kh8 20. P@h6 Rg8 21. Nxg8 Rxg8 22. B@f6 N@e8 
23. hxg7+ Nxg7 24. R@g5 B@h6 25. Bxg7+ Rxg7 26. Rxg7 Bxg7 27. N@e8 Bxf3 28. Nxc7 
Bxg2 29. R@g4 Be4 30. f3 P@h2+ 31. Kxh2 P@g3+ 32. Rxg3 B@d6 33. P@e5 Nxe5 
34. P@f6 Ng4+ 35. fxg4 Bxg3+ 36. Kxg3 P@h4+ 37. Kxh4 N@g6+ 38. Kg3 P@h4+ 39. Kf2 
R@g2+ 40. Ke1 Rxe2+ 41. Qxe2 B@g3+ 42. P@f2 Bxf2+ 43. Qxf2 P@d2+ 44. Qxd2 Bxf6 
45. P@d7 
{stinker forfeits on time} 1-0

[Event "fics rated crazyhouse match"]
[Site "fics, Oklahoma City, OK USA"]
[Date "2000.01.14"]
[White "stinker"]
[WhiteElo "2229"]
[Black "RMG"]
[BlackElo "2337"]
[TimeControl "120+0"]
[Result "0-1"]

1. e4 e6 2. d4 Ne7 3. Nc3 d5 4. e5 Nf5 5. Nf3 Nc6 6. Bd3 
Nfxd4 7. Nxd4 Nxd4 8. Bxh7 Rxh7 9. Qxd4 N@f5 10. Qd1 P@h3 11. gxh3 Rxh3 
12. P@g2 Rh8 13. P@g4 Nh4 14. Rg1 P@b4 15. Nb5 B@e4 16. N@f4 Nxg2+ 17. Nxg2 
Rxh2 18. N@e3 P@f3 19. Nf4 P@e2 20. Qd4 Bd7 21. a4 Bxb5 22. axb5 N@g2+ 
23. Nfxg2 fxg2 24. Kxe2 N@f4+ 25. Kd2 Rh1 26. Rxg2 Nxg2 27. B@e2 Nxe3 28. fxe3 
R@f2 29. P@g6 N@f3# 
{stinker checkmated} 0-1

[Event "fics rated crazyhouse match"]
[Site "fics, Oklahoma City, OK USA"]
[Date "2000.01.14"]
[White "RMG"]
[WhiteElo "2366"]
[Black "stinker"]
[BlackElo "2223"]
[TimeControl "120+0"]
[Result "1/2-1/2"]

1. d4 Nf6 2. Nf3 d5 3. Bf4 Bf5 4. e3 e6 5. Be2 Bd6 6. O-O 
Bxf4 7. exf4 B@e4 8. Na3 Nc6 9. Rc1 Bxf3 10. Bxf3 Ne4 11. B@b5 a6 
12. Bxc6+ bxc6 13. B@b7 B@d7 14. Bxa8 Qxa8 15. N@c5 Nxc5 16. dxc5 N@h4 17. N@e5 
Qc8 18. Bg4 B@f6 19. R@h3 N@e4 20. Rxh4 Bxh4 21. N@h5 Rg8 22. Bxf5 exf5 
23. B@f3 B@g4 24. Bxe4 Bxd1 25. Bxd5 cxd5 26. Rcxd1 B@e4 27. f3 Bxc2 28. Nxf7 
P@e2 29. N@d6+ cxd6 30. Nxd6+ Kd8 31. P@e7+ Kxe7 32. Nxc8+ Rxc8 33. P@d6+ Kf7 
34. B@d3 Bxd1 35. Bxe2 Bxe2 36. P@e7 B@e3+ 37. P@f2 Bxf1 38. Q@f8+ Rxf8 39. exf8=Q+ 
Kxf8 40. R@h8+ N@g8 41. Rxg8+ Kxg8 42. Nf6+ gxf6 43. N@h6+ Kg7 44. Nf7 Kf8 
45. Ng5 Ke8 
{Game drawn because both players ran out of time} 1/2-1/2

[Event "fics rated crazyhouse match"]
[Site "fics, Oklahoma City, OK USA"]
[Date "2000.01.14"]
[White "stinker"]
[WhiteElo "2226"]
[Black "RMG"]
[BlackElo "2352"]
[TimeControl "120+0"]
[Result "0-1"]

1. e4 e6 2. d4 Ne7 3. Nc3 d5 4. Bg5 dxe4 5. Nxe4 Nbc6 6. P@f6 
Qxd4 7. Qxd4 Nxd4 8. O-O-O Nec6 9. fxg7 Bxg7 10. Nf6+ Bxf6 11. Bxf6 P@a3 
12. Rxd4 Q@a1+ 13. Kd2 N@b1+ 14. Ke3 P@d5 15. N@g7+ Kd7 16. Bb5 P@e7 17. Bxe7 
Kxe7 18. P@f6+ Kxf6 19. Nh5+ Ke7 20. B@f6+ Kd6 21. P@e5+ Kc5 22. Bxc6 B@c1+ 
23. Kf3 P@e4+ 24. Kg3 Rg8+ 25. Kh3 Kxc6 
{stinker forfeits on time} 0-1

[Event "fics rated crazyhouse match"]
[Site "fics, Oklahoma City, OK USA"]
[Date "2000.01.14"]
[White "RMG"]
[WhiteElo "2374"]
[Black "stinker"]
[BlackElo "2221"]
[TimeControl "120+0"]
[Result "0-1"]

1. d4 Nf6 2. Nf3 e6 3. Bg5 Be7 4. e3 d5 5. Be2 Ne4 6. Bxe7 
Qxe7 7. O-O Nc6 8. Nbd2 Bd7 9. Rc1 B@g6 10. c4 Nxd2 11. Nxd2 dxc4 
12. Nxc4 N@h4 13. B@g3 Nxg2 14. Kxg2 P@e4 15. Bg4 P@f3+ 16. Kg1 f5 17. Bh3 
Nxd4 18. exd4 P@e2 19. Bxc7 exd1=Q 20. Bd6 Q@g5+ 21. P@g3 Qdxc1 22. Bxe7 Qxf1+ 
23. Bxf1 Qxe7 24. N@c7+ Kf7 25. N@f4 B@g2 26. N@e5+ Kg8 27. Nxg2 fxg2 28. Bxg2 
R@c1+ 29. Bf1 N@e2+ 30. Kg2 R@g1+ 31. Kh3 Rcxf1 32. P@g2 B@g4+ 33. Nxg4 fxg4+ 
34. Kxg4 Bf5+ 35. Kh5 N@f4+ 36. gxf4 Nxf4# 
{RMG checkmated} 0-1

[Event "fics rated crazyhouse match"]
[Site "fics, Oklahoma City, OK USA"]
[Date "2000.01.14"]
[White "stinker"]
[WhiteElo "2232"]
[Black "RMG"]
[BlackElo "2330"]
[TimeControl "120+0"]
[Result "0-1"]

1. e4 e6 2. d4 Ne7 3. Bg5 d5 4. e5 h6 5. Bh4 Qd7 6. Bd3 
Nbc6 7. Nf3 g5 8. Nxg5 hxg5 9. Bxg5 Rg8 10. Bxe7 Bxe7 11. P@h7 Rxg2 
12. h8=Q+ B@f8 13. P@f6 Bb4+ 14. Nc3 Nxd4 15. Qdh5 N@f3+ 16. Kd1 Bxc3 17. bxc3 
N@b2+ 18. Kc1 Nxd3+ 19. cxd3 P@b2+ 20. Kxb2 B@a3+ 21. Kb1 P@c2# 
{stinker checkmated} 0-1

[Event "fics rated crazyhouse match"]
[Site "fics, Oklahoma City, OK USA"]
[Date "2000.01.14"]
[White "RMG"]
[WhiteElo "2351"]
[Black "stinker"]
[BlackElo "2226"]
[TimeControl "120+0"]
[Result "1-0"]

1. d4 Nf6 2. Nf3 e6 3. Bf4 Nc6 4. e3 Bb4+ 5. c3 Be7 6. Nbd2 
d6 7. Bd3 O-O 8. O-O Nd5 9. Bg3 f5 10. Rc1 Nf6 11. e4 fxe4 
12. Nxe4 P@f5 13. Neg5 h6 14. P@g6 hxg5 15. Nxg5 Nd5 16. P@h7+ Kh8 17. Nf7+ 
Rxf7 18. gxf7 Kxh7 19. Bxf5+ exf5 20. Qh5+ B@h6 21. P@g6+ Kh8 22. R@h7# 
{stinker checkmated} 1-0

[Event "fics rated crazyhouse match"]
[Site "fics, Oklahoma City, OK USA"]
[Date "2000.01.14"]
[White "stinker"]
[WhiteElo "2221"]
[Black "RMG"]
[BlackElo "2369"]
[TimeControl "120+0"]
[Result "1-0"]

1. d4 Nf6 2. Nc3 b6 3. Bg5 Bb7 4. Bxf6 exf6 5. e4 Bb4 6. Bd3 
Bxc3+ 7. bxc3 N@h4 8. Qg4 Ng6 9. N@h5 Rg8 10. Nf3 B@b2 11. O-O Bxc3 
12. Rad1 Nc6 13. e5 fxe5 14. dxe5 Ncxe5 15. Nxe5 Bxe5 16. Rfe1 P@f6 17. P@h6 
gxh6 18. Rxe5+ fxe5 19. N@f6+ Kf8 20. Nxh7+ Ke7 21. B@f6+ Kd6 22. Bxg6+ P@d2 
23. Rxd2+ P@d4 24. Bxe5+ Kc6 25. P@d5+ Kb5 26. B@f1+ Ka4 27. Qxd4+ P@b4 28. P@b3+ 
Ka3 29. N@c4+ Kxa2 30. Qb2# 
{RMG checkmated} 1-0

[Event "fics rated crazyhouse match"]
[Site "fics, Oklahoma City, OK USA"]
[Date "2000.01.14"]
[White "RMG"]
[WhiteElo "2333"]
[Black "stinker"]
[BlackElo "2232"]
[TimeControl "120+0"]
[Result "1-0"]

1. d4 c5 2. Nf3 cxd4 3. Nxd4 P@c7 4. Nc3 e5 5. Nf3 Nc6 6. Bg5 
Nf6 7. e3 Be7 8. Bc4 O-O 9. Bxf6 Bxf6 10. Nd5 d6 11. Nxf6+ Qxf6 
12. B@g5 Qg6 13. P@d5 Bg4 14. dxc6 N@f5 15. cxb7 Rab8 16. N@e7+ Nxe7 17. Bxe7 
Bxf3 18. Qxf3 N@h4 19. Bxf8 Nxf3+ 20. gxf3 N@g2+ 21. Kd1 Qh5 22. N@e7+ Kxf8 
23. R@g8+ Kxe7 24. N@c6+ Kf6 25. B@e7+ Kg6 26. N@h8+ Kh6 27. P@g5+ Qxg5 28. Bxg5+ 
Kxg5 29. Rxg7+ B@g6 30. Nxf7+ Kf6 31. Q@g5+ Kxg7 32. P@h6+ Kf8 33. Qe7+ Kg8 
34. Ng5+ P@f7 35. Bxf7+ Bxf7 36. Qxf7+ Kh8 37. P@g7# 
{stinker checkmated} 1-0

[Event "fics rated crazyhouse match"]
[Site "fics, Oklahoma City, OK USA"]
[Date "2000.01.14"]
[White "stinker"]
[WhiteElo "2226"]
[Black "RMG"]
[BlackElo "2350"]
[TimeControl "120+0"]
[Result "1-0"]

1. e4 e6 2. d4 Ne7 3. Bg5 d5 4. Nc3 h6 5. Bh4 Qd7 6. Bb5 
c6 7. Bd3 Ng6 8. Bg3 dxe4 9. Bxe4 P@f4 10. Bxg6 fxg3 11. Bxf7+ Qxf7 
12. hxg3 B@c7 13. Nf3 B@g4 14. P@e5 Na6 15. P@h5 Ba5 16. P@g6 Qe7 17. N@f7 
Bxc3+ 18. bxc3 N@b2 19. Qe2 Bxf3 20. gxf3 Qa3 21. B@d2 Bd7 22. Nxh8 O-O-O 
23. R@a8+ Nb8 24. Nf7 Re8 25. B@d6 N@c7 26. Bxa3 Bxa3 27. Rxa7 B@b5 28. P@d3 
Nxd3+ 29. cxd3 P@b6 30. Rxa3 Nca6 31. B@d6 Rg8 32. N@a7# 
{RMG checkmated} 1-0

[Event "fics rated crazyhouse match"]
[Site "fics, Oklahoma City, OK USA"]
[Date "2000.01.14"]
[White "RMG"]
[WhiteElo "2320"]
[Black "stinker"]
[BlackElo "2237"]
[TimeControl "120+0"]
[Result "0-1"]

1. d4 Nf6 2. Nf3 e6 3. Bf4 d6 4. e3 Be7 5. Be2 O-O 6. Nbd2 
b6 7. O-O Bb7 8. c4 Nbd7 9. Rc1 c5 10. dxc5 Nxc5 11. P@d4 Nce4 
12. Nxe4 Nxe4 13. d5 e5 14. Bg3 P@h4 15. N@h5 hxg3 16. hxg3 Bf6 17. P@c6 
Bc8 18. Nh2 N@d2 19. Re1 B@g6 20. Nxf6+ Qxf6 21. B@f3 N@g5 22. Bxe4 Ngxe4 
23. Bf3 Nxf3+ 24. gxf3 Bh3 25. fxe4 Bxe4 26. b4 B@f3 27. Qb3 P@d2 
{RMG resigns} 0-1

[Event "fics rated crazyhouse match"]
[Site "fics, Oklahoma City, OK USA"]
[Date "2000.01.14"]
[White "stinker"]
[WhiteElo "2247"]
[Black "RMG"]
[BlackElo "2294"]
[TimeControl "120+0"]
[Result "1-0"]

1. e4 e6 2. d4 Ne7 3. Bg5 d5 4. Nc3 Nbc6 5. e5 h6 6. Bh4 
Qd7 7. Bb5 Nf5 8. Bg3 a6 9. Bxc6 Qxc6 10. Nf3 Bb4 11. O-O Bxc3 
12. bxc3 Qxc3 13. B@g4 P@e4 14. Nh4 B@g5 15. Bxf5 exf5 16. N@h5 B@f8 17. N@h3 
Be6 18. N3f4 Bxf4 19. Bxf4 N@b2 20. Qd2 Qxd2 21. Bxd2 Q@g4 22. Nxg7+ Bxg7 
23. P@f6 Bf8 24. B@g7 Rg8 25. Q@g3 N@e2+ 26. Kh1 Nxg3+ 27. hxg3 Nc4 28. Bxf8 
Kxf8 29. Bxh6+ Ke8 30. P@h7 Rh8 31. B@a4+ N@b5 32. Bxb5+ axb5 33. N@g7+ Kd7 
34. Nxe6 Rxh7 35. B@h3 Kc6 36. Bxg4 Rxh6 37. Nd8+ Kb6 38. N@e7 Ka6 39. Q@a4# 
{RMG resigns} 1-0

[Event "fics rated crazyhouse match"]
[Site "fics, Oklahoma City, OK USA"]
[Date "2000.01.14"]
[White "RMG"]
[WhiteElo "2271"]
[Black "stinker"]
[BlackElo "2256"]
[TimeControl "120+0"]
[Result "0-1"]

1. d4 Nf6 2. Nf3 e6 3. Bf4 Be7 4. e3 d6 5. Bd3 O-O 6. Nbd2 
b6 7. O-O Bb7 8. Qe2 Nbd7 9. c3 c5 10. e4 e5 11. dxe5 dxe5 
12. Nxe5 Nxe5 13. Bxe5 N@g4 14. Bxf6 Nxf6 15. P@g5 B@h5 16. f3 Nd7 17. P@f6 
Nxf6 18. gxf6 Bxf6 19. N@g3 Bg6 20. Rad1 P@d4 21. cxd4 Bxd4+ 22. Kh1 P@e3 
23. Nc4 P@f4 24. Nf5 Bxf5 25. exf5 Qg5 26. N@g4 N@f2+ 27. Nxf2 exf2 28. P@g6 
hxg6 29. fxg6 fxg6 30. N@h3 Qxg2# 
{RMG resigns} 0-1

[Event "fics rated crazyhouse match"]
[Site "fics, Oklahoma City, OK USA"]
[Date "2000.01.14"]
[White "stinker"]
[WhiteElo "2264"]
[Black "RMG"]
[BlackElo "2251"]
[TimeControl "120+0"]
[Result "0-1"]

1. e4 e6 2. d4 Ne7 3. Bg5 d5 4. e5 Qd7 5. Bd3 Nbc6 6. Nf3 
h6 7. Bh4 Nf5 8. Bxf5 exf5 9. Nc3 B@e4 10. Nxe4 fxe4 11. Ng1 N@f4 
12. B@h3 Nxh3 13. Nxh3 B@g4 14. Qd2 Bxh3 15. O-O-O N@c4 16. gxh3 Nxd2 17. Rxd2 
Qxh3 18. Bg3 P@c3 19. bxc3 Ba3+ 20. Kd1 Bg4+ 21. Ke1 Qg2 22. Rf1 Bh3 
23. B@e2 Q@c1+ 24. N@d1 O-O 25. N@h4 Qxf1# 
{stinker forfeits on time} 0-1

[Event "fics rated crazyhouse match"]
[Site "fics, Oklahoma City, OK USA"]
[Date "2000.01.14"]
[White "RMG"]
[WhiteElo "2270"]
[Black "stinker"]
[BlackElo "2256"]
[TimeControl "120+0"]
[Result "1-0"]

1. d4 Nf6 2. Nf3 e6 3. Bf4 Be7 4. e3 d6 5. Be2 O-O 6. O-O 
b6 7. c4 Bb7 8. Nc3 Nbd7 9. d5 e5 10. Bg3 Nc5 11. Nd2 a5 
12. a3 Bc8 13. b4 axb4 14. axb4 Rxa1 15. Qxa1 Nb7 16. P@c6 P@d4 17. exd4 
exd4 18. Nce4 Nxe4 19. Nxe4 N@f6 20. Nxf6+ Bxf6 21. Bd3 R@d2 22. R@b8 Rxd3 
23. cxb7 N@e2+ 24. Kh1 P@f3 25. gxf3 Bh3 26. P@g2 Bxg2+ 27. Kxg2 P@h3+ 28. Kxh3 
Qxb8 29. B@g4 R@h6+ 30. P@h5 B@d7 31. P@e6 fxe6 32. dxe6 Bxe6 33. Bxe6+ P@f7 
34. Bg4 P@f5 35. Bxf5 Rxh5+ 36. P@h4 Rxf5 37. B@g4 B@e6 38. P@g5 Rxg5 39. hxg5 
Bxg4+ 40. fxg4 Bxg5 41. f3 P@f5 42. Kg2 fxg4 43. N@h5 B@e4 44. fxe4 P@f3+ 
45. Kf2 P@e3+ 46. Ke1 P@d2+ 47. Kd1 Nc3+ 48. Kc2 d1=Q+ 49. Rxd1 Rxd1 50. N@e7+ 
Kh8 51. N@h6 
{stinker forfeits on time} 1-0

[Event "fics rated crazyhouse match"]
[Site "fics, Oklahoma City, OK USA"]
[Date "2000.01.14"]
[White "stinker"]
[WhiteElo "2248"]
[Black "RMG"]
[BlackElo "2286"]
[TimeControl "120+0"]
[Result "1-0"]

1. e4 e6 2. d4 Ne7 3. Bg5 d5 4. e5 Nbc6 5. Nf3 h6 6. Bh4 
Qd7 7. Bd3 Nf5 8. Bxf5 exf5 9. N@h5 B@e4 10. Nc3 Bxf3 11. Qxf3 Nxd4 
12. Qd3 Nxc2+ 13. Qxc2 P@e7 14. O-O N@g6 15. Bg3 P@h4 16. Bf4 Nxf4 17. Nxf4 
e6 18. N@h5 B@g5 19. B@a4 c6 20. N@f3 Bxf4 21. Nxf4 Be7 22. Nh5 O-O 
23. Nxg7 Kxg7 24. P@f6+ Bxf6 25. exf6+ Kxf6 26. B@e5+ Kg6 27. Nxh4+ Kh7 28. P@g7 
Rg8 29. B@f3 P@g6 30. Nxd5 exd5 31. P@h5 P@d6 32. hxg6+ fxg6 33. Nxg6 Kxg6 
34. P@h5+ Kh7 35. P@g6# 
{RMG checkmated} 1-0

[Event "fics rated crazyhouse match"]
[Site "fics, Oklahoma City, OK USA"]
[Date "2000.01.14"]
[White "RMG"]
[WhiteElo "2268"]
[Black "stinker"]
[BlackElo "2257"]
[TimeControl "120+0"]
[Result "1-0"]

1. d4 Nf6 2. Nf3 e6 3. Bf4 d6 4. e3 Be7 5. Be2 O-O 6. O-O 
b6 7. Nbd2 Bb7 8. c4 Nbd7 9. Rc1 c5 10. a3 Rc8 11. b4 cxd4 
12. Nxd4 e5 13. Nf5 exf4 14. exf4 B@g6 15. Nxg7 Kxg7 16. P@g5 P@h3 17. gxh3 
d5 18. P@h6+ Kg8 19. P@g7 Re8 20. gxf6 Bxf6 21. P@e5 Nxe5 22. fxe5 Bxe5 
23. N@g4 dxc4 24. Nxe5 Rxe5 25. B@f3 Rg5+ 26. N@g3 Bxf3 27. Nxf3 B@d4 28. Nxg5 
Bxg7 29. hxg7 Qxg5 30. B@f8 Rxf8 31. gxf8=Q+ Kxf8 32. Qd6+ B@e7 33. R@h8+ N@g8 
34. R@e8+ Kxe8 35. Rxg8+ N@f8 36. N@g7# 
{stinker checkmated} 1-0

[Event "fics rated crazyhouse match"]
[Site "fics, Oklahoma City, OK USA"]
[Date "2000.01.14"]
[White "stinker"]
[WhiteElo "2249"]
[Black "RMG"]
[BlackElo "2283"]
[TimeControl "120+0"]
[Result "1-0"]

1. e4 e6 2. d4 Ne7 3. Bg5 d5 4. e5 Nbc6 5. Nc3 Qd7 6. Bb5 
h6 7. Bh4 Nf5 8. Bg3 Be7 9. Nge2 O-O 10. Nf4 Nfxd4 11. Bxc6 Nxc6 
12. Nh5 B@g6 13. Nxg7 Kxg7 14. P@f6+ Bxf6 15. exf6+ Kxf6 16. N@g4+ Kg7 17. B@f6+ 
Kh7 18. h4 h5 19. Ne5 Nxe5 20. Bfxe5 f6 21. Bxc7 N@b4 22. Rc1 N@c4 
23. O-O P@d2 24. P@g4 dxc1=Q 25. Qxc1 P@d2 26. Qd1 R@c1 27. Qe2 Rxf1+ 28. Qxf1 
R@e1 29. R@d1 Rxf1+ 30. Rxf1 P@e2 31. Nxe2 hxg4 32. Nf4 P@e2 33. Nxe2 Nxc2 
34. Nf4 Q@e1 35. R@d1 Qxd1 36. Rxd1 R@e1+ 37. Q@f1 Rxf1+ 38. Rxf1 P@f3 39. Nxg6 
fxg2 40. Nxf8+ Kg8 41. R@g6+ P@g7 42. P@h7+ Kxf8 43. R@g8+ Kf7 44. R6xg7# 
{RMG checkmated} 1-0

[Event "fics rated crazyhouse match"]
[Site "fics, Oklahoma City, OK USA"]
[Date "2000.01.14"]
[White "RMG"]
[WhiteElo "2267"]
[Black "stinker"]
[BlackElo "2258"]
[TimeControl "120+0"]
[Result "1-0"]

1. d4 Nf6 2. Nf3 e6 3. Bf4 d6 4. e3 Be7 5. Be2 b6 6. c4 
Bb7 7. Nc3 Nbd7 8. O-O O-O 9. Bg3 c5 10. d5 exd5 11. cxd5 P@b4 
12. P@c6 bxc3 13. cxb7 Rb8 14. bxc3 N@e5 15. P@e6 Nxf3+ 16. Bxf3 Ne5 17. exf7+ 
Rxf7 18. B@e6 Nxf3+ 19. Qxf3 N@e5 20. Bxf7+ Kh8 21. Qd1 Nxf7 22. P@e6 Ng5 
23. N@f7+ Nxf7 24. exf7 B@e4 25. f3 Bxd5 26. Qxd5 Nxd5 27. R@g8+ Qxg8 28. fxg8=Q+ 
Kxg8 29. B@e6+ P@f7 30. Bxd5 P@e6 31. N@h5 Q@h6 32. N@f4 exd5 33. N@f5 Qg5 
34. Q@g4 N@g6 35. Nhxg7 B@d2 36. Nxe7+ Qxe7 37. Nf5 Bxe3+ 38. Kh1 Qf6 39. B@g5 
Bxf4 40. Bxf6 B@g7 41. Bxg7 f6 42. Bxf6 Kf7 43. Q@g7+ Ke6 
{stinker forfeits on time} 1-0